 Dungeon Crawl Stone Soup version 0.27-a0-279-gdfb9265905 (webtiles) character file.

Game seed: 11394520467699034839

134 mandarbmax the Caller (level 5, -2/35 HPs)
             Began as a Barachi Summoner on Feb 7, 2021.
             Slain by a hound (4 damage)
             ... on level 4 of the Dungeon.
             The game lasted 00:08:03 (3345 turns).

mandarbmax the Caller (Barachi Summoner)            Turns: 3345, Time: 00:08:03

Health: -2/35      AC:  3    Str: 10      XL:     5   Next: 17%
Magic:  8/8        EV: 11    Int: 16      God:
Gold:   83         SH:  0    Dex: 10 (12) Spells: 4/8 levels left

rFire    + . .     SeeInvis .   c - +2 whip (distort)
rCold    + . .     Faith    .   (no shield)
rNeg     . . .     Spirit   .   e - +0 leather armour
rPois    .         Reflect  .   (no helmet)
rElec    .         Harm     .   j - scarf {rC+ rF+}
rCorr    .         Rampage  .   (no gloves)
Will     .....                  (no boots)
Stlth    +.........             (no amulet)
HPRegen  0.11/turn              (no ring)
MPRegen  0.11/turn              (no ring)

@: can't hop, slow
A: +LOS, swims, slowness 1, strong legs 1
a: Hop


You were on level 4 of the Dungeon.
You visited 1 branch of the dungeon, and saw 4 of its levels.

You collected 83 gold pieces.

Inventory:

Hand Weapons
 c - a +2 whip of distortion (weapon)
 l - a +1 falchion of protection
Armour
 e - a +0 leather armour (worn)
 j - a scarf of resistance (worn)
Jewellery
 f - an uncursed ring of resist corrosion {unknown}
 g - an uncursed amulet of regeneration {unknown}
Scrolls
 a - 4 scrolls of identify {unknown}
 d - 2 scrolls of fog {unknown}
 h - 2 scrolls of remove curse {unknown}
 m - a scroll of random uselessness {unknown}
Potions
 b - a potion of degeneration {unknown}
 i - 2 potions of cancellation {unknown}
 k - 2 potions of mutation {unknown}


   Skills:
 - Level 2.1 Dodging
 - Level 1.7 Stealth
 - Level 2.1 Spellcasting
 + Level 7.6 Summonings


You had 4 spell levels left.
You knew the following spells:

 Your Spells              Type           Power        Failure   Level
a - Summon Small Mammal   Summ           100%         1%          1
b - Call Canine Familiar  Summ           26%          3%          3

Your spell library contained the following spells:

 Spells                   Type           Power        Failure   Level
 Call Imp                 Summ           26%          1%          2
 Summon Guardian Golem    Hex/Summ       13%          17%         3
 Summon Ice Beast         Ice/Summ       13%          50%         4
 Summon Lightning Spire   Summ/Air       13%          50%         4


Dungeon Overview and Level Annotations

Branches:
Dungeon (4/15)
 Temple: D:4-7

Altars:
Ru
Yredelemnul


Innate Abilities, Weirdness & Mutations

You can be seen from farther away. (+LOS)
You can swim through water.
You cover ground slowly.
You can hop short distances.


Message History

You hit the ogre.
Space bends around the ogre.
The ogre is lightly wounded.
The hound barely misses you.
The ogre hits you with a +0 giant spiked club!
* * * LOW HITPOINT WARNING * * *
The hound bites you.
* * * LOW HITPOINT WARNING * * *
You are too injured to fight recklessly!
The hound closely misses you. The hound misses you. The hound bites you.
* * * LOW HITPOINT WARNING * * *
Okay, then.
Hop to where?
Press: ? - help, Dir - move target Boing!
Found 19 gold pieces.
There is a stone staircase leading up here.
The hound bites you.
You die...

....#... ...$.#...
........ ##...... ..
##.....# ...
##.....### ....
#........##....
###...$.##......
##.#..@.......##. .
###.....h..........
.#............##..#..
........[......# ##..
#........O...###.... .
###...........#.....
...##..........<......
.............!........
........<.............


You could see an ogre and a hound.

Vanquished Creatures
  A quasit (D:3)
  Terence (D:3)
  2 adders
  An ooze (D:2)
  3 worms
  3 leopard geckos
  A ball python (D:1)
  3 giant cockroaches (D:2)
  8 goblins
  A hobgoblin (D:2)
  3 jackals (D:2)
  4 bats
  5 kobolds
  8 rats
44 creatures vanquished.

Vanquished Creatures (collateral kills)
  A worm (D:2)
  2 goblins (D:1)
  A jackal (D:2)
  2 kobolds
  A quokka (D:3)
  A bat (D:1)
  A frilled lizard (D:3)
  2 rats
11 creatures vanquished.

Grand Total: 55 creatures vanquished

Notes
Turn   | Place    | Note
-------+----------+-------------------------------------------
     0 | D:1      | mandarbmax the Barachi Summoner began the quest for the
                  | Orb.
     0 | D:1      | Reached XP level 1. HP: 13/13 MP: 3/3
   103 | D:1      | Reached skill level 5 in Summonings
   332 | D:1      | Reached XP level 2. HP: 19/19 MP: 5/5
  1184 | D:2      | Reached XP level 3. HP: 14/24 MP: 6/6
  1307 | D:1      | Learned a level 3 spell: Call Canine Familiar
  1327 | D:2      | Reached skill level 6 in Summonings
  1555 | D:2      | Found a sacrificial altar of Ru.
  1988 | D:2      | Reached XP level 4. HP: 26/30 MP: 7/7
  2231 | D:3      | Noticed Terence
  2266 | D:3      | Killed Terence
  2267 | D:3      | Reached skill level 7 in Summonings
  2328 | D:3      | Found a basalt altar of Yredelemnul.
  2433 | D:3      | Reached XP level 5. HP: 18/35 MP: 3/8
  3330 | D:4      | Noticed an ogre
  3340 | D:4      | HP: 1/35 [hound (2)]
  3345 | D:4      | Slain by a hound

Illustrated notes

Levels and vault maps discovered:
D:1:      dpeg_arrival_oval, layout_loops_ring, chequers_arboretum
D:2:      layout_basic, nicolae_ru_awakened_eye
D:3:      layout_basic, yredelemnul_altar_generic, uniq_terence
D:4:      layout_cave_pools, minmay_temple_entry_poolview

Skill      XL: |  1  2  3  4 |
---------------+-------------+-----
Summonings     | 5 6 7 |  7.6
Dodging        | |  2.1
Stealth        | |  1.7
Spellcasting   | |  2.1

Action                   |  1- 3 |  4- 6 || total
-------------------------+-------+-------++-------
Melee: Whip              |    85 |    38 ||   123
 Cast: Summon Small Mamm |    11 |     6 ||    17
       Call Canine Famil |     3 |     5 ||     8
 Abil: Hop               |       |     1 ||     1
 Stab: Sleeping          |     5 |     1 ||     6
Armor: Robe              |     5 |       ||     5
       Leather armour    |    41 |    21 ||    62
Dodge: Dodged            |    67 |    31 ||    98

Table legend: (Time is in decaauts)
 A = Elapsed time spent in this place.
 B = Non-inter-level travel time spent in this place.
 C = Inter-level travel time spent in this place.
 D = Time resting spent in this place.
 E = Time spent auto-exploring this place.
 F = Levels seen in this place.
 G = Mean time per level.
                   A        B        C        D        E       F      G
               +--------+--------+--------+--------+--------+-----+--------+
         Total |   3717 |   3664 |     53 |    619 |   2562 |   4 |  929.2 |
       Dungeon |   3717 |   3664 |     53 |    619 |   2562 |   4 |  929.2 |
               +--------+--------+--------+--------+--------+-----+--------+

Top non-repeatable levels by time:
     D:1: 1374 daAuts
     D:3: 1223 daAuts
     D:2: 1101 daAuts
     D:4: 18 daAuts
